 Dungeon Crawl Stone Soup version 0.24.0-5-g267a8d59f4 (webtiles) character file.

Game seed: 16472641014203805141, levelgen mode: deterministic

72 Esekla the Vexing (level 4, -1/33 HPs)
             Began as a Demonspawn Enchanter on Nov 1, 2019.
             Slain by an adder (2 damage)
             ... on level 2 of the Dungeon.
             The game lasted 00:12:47 (1534 turns).

Esekla the Vexing (Demonspawn Enchanter)            Turns: 1534, Time: 00:12:48

Health: -1/33      AC:  9    Str:  7 (9)  XL:     4   Next: 7%
Magic:  6/7        EV: 11    Int: 16 (17) God:
Gold:   57         SH:  0    Dex: 10 (13) Spells: 3/7 levels left

rFire    . . .     SeeInvis .   a - +1 dagger
rCold    . . .     Gourm    .   (no shield)
rNeg     . . .     Faith    .   j - +0 leather armour {rPois}
rPois    +         Spirit   .   (helmet restricted)
rElec    .         Reflect  .   (no cloak)
rCorr    .         Harm     .   (no gloves)
MR       .....                  (no boots)
Stlth    ++........             (no amulet)
HPRegen  0.11/turn              (no ring)
MPRegen  0.10/turn              (no ring)

@: lethally poisoned (-1 -> -5), sanguine armour
A: antennae 1, demonic guardian 1, sanguine armour 1
a: no special abilities


You were on level 2 of the Dungeon.
You were hungry.

You visited 1 branch of the dungeon, and saw 2 of its levels.

You collected 57 gold pieces.

Inventory:

Hand Weapons
 a - a +1 dagger (weapon)
Missiles
 i - 28 poisoned darts (quivered)
Armour
 j - a +0 leather armour of poison resistance (worn)
Jewellery
 l - a +3 ring of dexterity {unknown}
Scrolls
 c - a scroll of amnesia {unknown}
 e - a scroll of teleportation {unknown}
 f - a scroll of remove curse
 h - a scroll of identify {unknown}
Potions
 b - a potion of magic {unknown}
 k - a potion of lignification {unknown}
Comestibles
 d - 2 rations


   Skills:
 * Level 2.2 Fighting
 + Level 2.0 Short Blades
 + Level 2.5 Dodging
 - Level 2.6 Stealth
 + Level 2.0 Spellcasting
 * Level 0.2 Conjurations
 - Level 3.0 Hexes


You had 3 spell levels left.
You knew the following spells:

 Your Spells              Type           Power        Failure   Level  Hunger
a - Corona                Hex            ##.....      9%          1    #......
d - Dazzling Spray        Conj/Hex       #.....       43%         3    ###....

Your spell library contained the following spells:

 Spells                   Type           Power        Failure   Level  Hunger
 Ensorcelled Hibernation  Hex/Ice        #.....       26%         2    ###....
 Confuse                  Hex            ##......     26%         3    ###....
 Tukima's Dance           Hex            ##......     26%         3    ###....


Dungeon Overview and Level Annotations

Branches:
Dungeon (2/15)

Altars:


Innate Abilities, Weirdness & Mutations

You have a pair of small antennae on your head.
A weak demonic guardian rushes to your aid.
When seriously injured, your bleeding wounds create armour. (AC +6)


Message History

The adder closely misses you.
Your quasit completely misses the adder.
Your quasit barely misses the adder.
Your quasit closely misses the adder.
Your quasit closely misses the gnoll.
Your quasit claws the gnoll but does no damage. x2
The adder bites you.
* * * LOW HITPOINT WARNING * * *
You are lethally poisoned!
The adder poisons you!
Okay, then.
As you read the scroll labeled XEER YT DUUF, it crumbles to dust.
You feel blessed for a moment.
It was a scroll of remove curse.
* * * LOW HITPOINT WARNING * * *
You feel sick. The adder bites you.
* * * LOW HITPOINT WARNING * * *
It was a potion of degeneration.
There was something very wrong with that liquid.
You feel weakened.
You feel dopey.
You feel clumsy. The adder bites you.
You die...

######## #########
.......# #.......#
.......# #.......#
.......####.......#
.......†...........
....##.#.##.###.## ####
....##.#.##÷###.####.....
....##..........@....#
....##.#.#.##g###S##.#
.......#.........5...#
....##.#.#.#.##g#.##..#
###.##...#.....5..# ....
##†##.#....).#.#.....##.
#.....#.#......#.##.#
#..##........#...# #
....##.#.##g#.#.#.#


You could see a gnoll, an adder and a friendly quasit.

Vanquished Creatures
  2 adders (D:2)
  2 worms (D:2)
  A dart slug (D:1)
  2 leopard geckos (D:1)
  5 giant cockroaches (D:1)
  6 goblins
  5 hobgoblins
  4 jackals (D:1)
  6 kobolds
  3 bats
  A frilled lizard (D:1)
  5 rats
42 creatures vanquished.

Notes
Turn   | Place    | Note
-------+----------+-------------------------------------------
     0 | D:1      | Esekla the Demonspawn Enchanter began the quest for the
                  | Orb.
     0 | D:1      | Reached XP level 1. HP: 13/13 MP: 3/3
   153 | D:1      | Reached skill level 1 in Fighting
   153 | D:1      | Reached skill level 1 in Short Blades
   214 | D:1      | Gained mutation: When seriously injured, your bleeding
                  | wounds create armour. (AC +6) [demonic ancestry]
   214 | D:1      | Reached XP level 2. HP: 12/21 MP: 5/5
   931 | D:1      | Gained mutation: A weak demonic guardian rushes to your
                  | aid. [demonic ancestry]
   931 | D:1      | Reached XP level 3. HP: 23/27 MP: 6/6
  1119 | D:1      | Learned a level 3 spell: Dazzling Spray
  1493 | D:2      | Gained mutation: You have a pair of small antennae on your
                  | head. [demonic ancestry]
  1493 | D:2      | Reached XP level 4. HP: 13/33 MP: 5/7
  1533 | D:2      | HP: 1/33 [adder (3)]
  1534 | D:2      | Slain by an adder

Levels and vault maps discovered:
D:1:      scummos_arrival_star, layout_basic
D:2:      layout_basic, nicolae_overflow_hidden_temple, minmay_diced_spiral

Skill      XL: |  1  2  3 |
---------------+----------+-----
Fighting       | 1 2 |  2.2
Short Blades   | 1 2 |  2.0
Dodging        | 2 |  2.5
Stealth        | |  2.6
Spellcasting   | |  2.0
Conjurations   | |  0.2
Hexes          | |  3.0

Action                   |  1- 3 |  4- 6 || total
-------------------------+-------+-------++-------
Melee: Dagger            |   249 |    10 ||   259
 Cast: Dazzling Spray    |     1 |     1 ||     2
  Use: Scroll            |       |     1 ||     1
       Potion            |       |     1 ||     1
 Stab: Sleeping          |     4 |       ||     4
       Invisible         |       |     1 ||     1
  Eat: Chunk             |     1 |     1 ||     2
Armor: Robe              |    28 |       ||    28
       Leather armour    |    16 |     2 ||    18
Dodge: Dodged            |   148 |     6 ||   154
